 Dungeon Sprint DCSS version 0.30-a0-778-g2ef04afb54 (webtiles) character file.

Game seed: 14427942478220344171

48 BigDaddyOpFi the Trooper (level 4, -4/44 HPs)
             Began as a Hill Orc Fighter on Feb 16, 2023.
             Was a Believer of Qazlal.
             Slain by a fire elemental (5 damage)
             ... summoned by a deep elf pyromancer
             ... in the Dungeon (Sprint VI: "Thunderdome").
             The game lasted 00:01:40 (282 turns).

BigDaddyOpFi the Trooper (Hill Orc Fighter)          Turns: 282, Time: 00:01:40

Health: -4/44      AC:  7    Str: 22    XL:     4   Next: 78%
Magic:  7/7        EV:  9    Int:  8    God:    Qazlal [**....]
Gold:   25         SH:  8    Dex:  7    Spells: 3/3 levels left

rFire   + . .      SeeInvis +    r - +0 broad axe
rCold   . . .      Faith    .    c - +0 buckler
rNeg    + . .      Spirit   .    b - +0 scale mail
rPois   .          Reflect  .    (no helmet)
rElec   +          Harm     .    (no cloak)
rCorr   .          Rampage  +    (no gloves)
Will    +....      NoTele   +    (no boots)
Stlth   +                        q - amulet of Xyvuffar {Rampage rElec Regen+ Dex-3}
HPRegen 1.07/turn                o - ring "Joacloc" {rElec rN+ Str+2 SInv Stlth+}
MPRegen 0.10/turn                p - ring of the Morning {rF+ Will+ Slay+6}

@: no status effects
A: no striking features
a: Renounce Religion, Upheaval


You were in the Dungeon.
You worshipped Qazlal.
Qazlal was pleased with you.
You visited 1 branch You collected 280 gold pieces.
You spent 255 gold pieces at shops.

Inventory:

Hand Weapons
 r - a +0 broad axe (weapon)
Armour
 b - a +0 scale mail (worn)
 c - a +0 buckler (worn)
Jewellery
 o - the ring "Joacloc" (left hand) {rElec rN+ Str+2 SInv Stlth+}
   (You bought it in a shop in the Dungeon)

   [ring of see invisible]

   Str:       It affects your strength (+2).
   rElec:     It insulates you from electricity.
   rN:        It protects you from negative energy.
   SInv:      It lets you see invisible.
   Stlth:     It makes you more stealthy.
 p - the ring of the Morning (right hand) {rF+ Will+ Slay+6}
   (You bought it in a shop in the Dungeon)

   [ring of protection from fire]

   Slay:      It affects your accuracy & damage with ranged weapons and melee
   (+6).
   rF:        It protects you from fire.
   Will:      It increases your willpower.
 q - the amulet of Xyvuffar (around neck) {Rampage rElec Regen+ Dex-3}
   (You bought it in a shop in the Dungeon)

   [amulet of regeneration]

   Dex:       It affects your dexterity (-3).
   rElec:     It insulates you from electricity.
   Regen:     It increases your rate of health regeneration.
   Rampage:   It bestows one free step when moving towards enemies.
Wands
 l - a wand of light (1) (quivered)
 m - a wand of roots (5)
Scrolls
 j - 4 scrolls of blinking
 n - 3 scrolls of fog
Potions
 d - a potion of might
 e - a potion of curing
 f - 3 potions of heal wounds
 g - 4 potions of haste
 h - 2 potions of magic
 i - a potion of berserk rage
 k - 2 potions of resistance


   Skills:
 + Level 6.0 Fighting
 + Level 5.9 Axes
 + Level 5.5 Armour
 + Level 5.5 Shields
 * Level 4.6 Invocations


You had 3 spell levels left.
You didn't know any spells.
Your spell library was empty.

Dungeon Overview and Level Annotations

Branches:
Dungeon (1/1)

Altars:
Cheibriados
Dithmenos
Fedhas
Gozag
Kikubaaqudgha
Makhleb
Okawaru
Qazlal
Ru
Sif Muna
Trog
Uskayaw
Vehumet
Wu Jian
Xom
Yredelemnul
Zin
The Shining One
Beogh
Lugonu

Shops:
D *[??*?*:[((!!!!


Message History

A deep elf pyromancer comes into view. It is wielding a +0 dagger.
You block the deep elf pyromancer's attack.
The deep elf zephyrmancer casts a spell at you.
The bolt of lightning hits you! You resist.
Aiming: Bolt of Light
Press: ? - help, Q - select action, (/) - cycle Shift-Dir - straight line, p - deep elf zephyrmancer The bolt of light hits the deep elf pyromancer!
The deep elf pyromancer is heavily wounded.
The deep elf pyromancer is blinded.
The deep elf pyromancer mumbles some strange words.
The deep elf pyromancer hits you but does no damage.
You barely miss the deep elf pyromancer.
The deep elf pyromancer is heavily wounded.
The deep elf pyromancer casts a spell.
The deep elf pyromancer blinks!
The deep elf pyromancer casts a spell.
You catch the helpless deep elf pyromancer completely off-guard!
You hit the deep elf pyromancer.
The deep elf pyromancer is heavily wounded.
You hit the fire elemental.
You catch the helpless deep elf zephyrmancer completely off-guard!
You hit the deep elf zephyrmancer.
The fire elemental is engulfed in freezing vapours.
The fire elemental hits you. The fire elemental burns you! You resist.
You block the deep elf zephyrmancer's attack.
The deep elf pyromancer closely misses you.
You hit the deep elf pyromancer.
The deep elf pyromancer is severely wounded.
You barely miss the fire elemental.
You catch the helpless deep elf zephyrmancer completely off-guard!
You slice the deep elf zephyrmancer!!
You kill the deep elf zephyrmancer!
Qazlal accepts your kill.
The fire elemental is engulfed in freezing vapours.
You block the fire elemental's attack.
The deep elf pyromancer gestures at you while chanting.
The bolt of fire hits you! You resist.
* * * LOW HITPOINT WARNING * * *
The fire elemental hits you. The fire elemental burns you! You resist.
You die...

##.___......###......___∩
###∩........8.# #.8........
##...÷.........###..........
#⌠.....°....###...###.......
#⌠.....°....# #.<.# #.......
#⌠......°...###...###.......
##.......☼...☼°###..........
###∩.....E.E8.# #.8........
##∩_._..@e..###.......__∩
######)8E........8.#####
#⌠...........⌠#
###.........### #_......._#
#........_# #_......._#
#∩.......∩# ##∩.....∩##


You could see a deep elf pyromancer (blind) and 3 fire elementals.

Vanquished Creatures
  A deep elf zephyrmancer (D)
  2 jellies (D)
  Terence (D)
  An adder (D)
  A bat (D)
  3 endoplasms (D)
  A hobgoblin (D)
  A jackal (D)
11 creatures vanquished.

Notes
Turn   | Place    | Note
-------+----------+-------------------------------------------
     0 | D        | BigDaddyOpFi the Hill Orc Fighter began the quest for the
                  | Orb.
     0 | D        | Reached XP level 1. HP: 19/19 MP: 1/1
     3 | D        | Found an opulent altar of Gozag.
     3 | D        | Found a shadowy altar of Dithmenos.
     4 | D        | Found a roughly hewn altar of Beogh.
     5 | D        | Found a basalt altar of Yredelemnul.
     5 | D        | Found a shimmering blue altar of Sif Muna.
     5 | D        | Round 1.
     6 | D        | Found a glowing golden altar of the Shining One.
     6 | D        | Found Anegriaf's Identification Station.
     7 | D        | Found Bilaiter's Jewellery.
     7 | D        | Found Ucvaud's Advanced Armour.
    15 | D        | Bought a flickering wooden ring for 45 gold pieces
    15 | D        | Identified the ring "Joacloc" {rElec rN+ Str+2 SInv Stlth+}
                  | (You bought it in a shop in the Dungeon)
    15 | D        | Bought a flickering lead ring for 45 gold pieces
    15 | D        | Identified the ring of the Morning {rF+ Will+ Slay+6} (You
                  | bought it in a shop in the Dungeon)
    15 | D        | Bought an ancient graven amulet for 45 gold pieces
    15 | D        | Identified the amulet of Xyvuffar {Rampage rElec Regen+
                  | Dex-3} (You bought it in a shop in the Dungeon)
    24 | D        | Reached skill level 4 in Fighting
    24 | D        | Reached XP level 2. HP: 25/28 MP: 2/2
    27 | D        | Found a shimmering altar of Xom.
    29 | D        | Found a blossoming altar of Fedhas.
    30 | D        | Found Zimamuum's Premium Goods.
    31 | D        | Found Plog's Miscellaneous Merchandise.
    31 | D        | Found Coephut's Basic Armour.
    32 | D        | Found a radiant altar of Vehumet.
    32 | D        | Found a glowing silver altar of Zin.
    32 | D        | Found an iron altar of Okawaru.
    32 | D        | Found Iwkuj's Weapon Rack.
    39 | D        | Found a snail-covered altar of Cheibriados.
    40 | D        | Found a hide-covered altar of Uskayaw.
    40 | D        | Found Urchog's Do-It-Yourself Clinic.
    41 | D        | Found Ejeqek's Bottled Wisdom.
    41 | D        | Found Beteyhoy's Distillery.
    42 | D        | Found a corrupted altar of Lugonu.
    42 | D        | Found an ornate altar of the Wu Jian Council.
    42 | D        | Found an ancient bone altar of Kikubaaqudgha.
    42 | D        | Found Nathugei's Distillery.
    46 | D        | Found a sacrificial altar of Ru.
    47 | D        | Found a bloodstained altar of Trog.
    48 | D        | Found a burning altar of Makhleb.
    49 | D        | Found Oxoor's Staff Store.
    50 | D        | Found Natut's Must-Have Magic.
    50 | D        | Found Junnelyd's Magic Scroll Shop.
    51 | D        | Found a stormy altar of Qazlal.
    51 | D        | Found Ewkaitt's Magic Scroll Shop.
    51 | D        | Noticed Terence
    57 | D        | Killed Terence
    58 | D        | Reached skill level 5 in Fighting
    58 | D        | Reached XP level 3. HP: 31/36 MP: 3/3
    62 | D        | Became a worshipper of Qazlal Stormbringer
   150 | D        | Reached * piety under Qazlal
   150 | D        | Arena points: 12 (+12) [x2]
   191 | D        | Round 2.
   195 | D        | Reached skill level 5 in Axes
   195 | D        | Reached skill level 1 in Invocations
   197 | D        | Reached skill level 5 in Armour
   197 | D        | Reached skill level 5 in Shields
   197 | D        | Reached XP level 4. HP: 43/44 MP: 3/6
   202 | D        | Reached ** piety under Qazlal
   203 | D        | Reached skill level 6 in Fighting
   214 | D        | Arena points: 48 (+36) [x3]
   236 | D        | Bought a +0 broad axe for 120 gold pieces
   263 | D        | Round 3.
   269 | D        | Noticed a deep elf pyromancer
   269 | D        | Noticed a deep elf zephyrmancer
   278 | D        | Noticed a deep elf pyromancer
   280 | D        | Noticed a fire elemental
   281 | D        | Noticed a fire elemental
   281 | D        | Noticed a fire elemental
   282 | D        | Killed a deep elf zephyrmancer
   282 | D        | HP: 1/44 [deep elf pyromancer/bolt of fire (15)]
   282 | D        | Slain by a fire elemental

Illustrated notes

Levels and vault maps discovered:
D:        arena_sprint

Skill      XL: |  1  2  3  4 |
---------------+-------------+-----
Fighting       | 4 5 6 |  6.0
Axes           | 3 4 5 |  5.9
Armour         | 4 5 |  5.5
Shields        | 4 5 |  5.5
Invocations    | 3 4 |  4.6

Action                     |  1- 3 |  4- 6 || total
---------------------------+-------+-------++-------
  Melee: War axe           |    15 |     5 ||    20
         Broad axe         |       |     6 ||     6
  Evoke: Wand              |       |     4 ||     4
    Use: Potion            |       |     1 ||     1
   Stab: Invisible         |       |     3 ||     3
 Armour: Scale mail        |     3 |     6 ||     9
  Dodge: Dodged            |     9 |     4 ||    13
  Block: Buckler           |     4 |     5 ||     9

Table legend: (Time is in decaauts)
 A = Elapsed time spent in this place.
 B = Non-inter-level travel time spent in this place.
 C = Inter-level travel time spent in this place.
 D = Time resting spent in this place.
 E = Time spent auto-exploring this place.
 F = Levels seen in this place.
 G = Mean time per level.
                   A        B        C        D        E       F      G
               +--------+--------+--------+--------+--------+-----+--------+
         Total |    288 |    288 |      0 |     54 |      0 |   1 |  288.0 |
       Dungeon |    288 |    288 |      0 |     54 |      0 |   1 |  288.0 |
               +--------+--------+--------+--------+--------+-----+--------+

Top non-repeatable levels by time:
       D: 288 daAuts
